 Dungeon Crawl Stone Soup version 0.30.0-10-gfe55d96785 (webtiles) character file.

Game seed: 11464286173348003230

21787 cheesebisquit the Geomancer (level 12, -6/105 HPs)
             Began as a Grey Draconian Fire Elementalist on May 12, 2023.
             Was an Elder of Vehumet.
             Mangled by a tengu reaver
             ... wielding a +0 great mace
              (17 damage)
             ... on level 12 of the Dungeon on May 13, 2023.
             The game lasted 00:54:10 (17213 turns).

cheesebisquit the Geomancer (DrFE)                 Turns: 17213, Time: 00:54:11

Health: -6/105     AC: 21    Str: 16    XL:     12   Next: 57%
Magic:  11/21      EV: 14    Int: 22    God:    Vehumet [****..]
Gold:   564        SH:  0    Dex: 11    Spells: 10/24 levels left

rFire   + . .        W - staff of earth
rCold   . . .        (no shield)
rNeg    . . .        (body armour unavailable)
rPois   .            O - +2 hat
rElec   .            h - +2 cloak
rCorr   .            D - +2 pair of gloves
SInv    .            (no boots)
Will    .....        (no amulet)
Stlth   +            y - ring of protection from fire
HPRegen 0.37/turn    L - +6 ring of strength
MPRegen 0.17/turn

%: no passive effects
@: confused, ambrosia-drunk
A: AC +13, amphibious, unfitting armour, cold-blooded
a: Renounce Religion


You were on level 12 of the Dungeon.
You worshipped Vehumet.
Vehumet was greatly pleased with you.
You visited 2 branches of the dungeon, and saw 13 of its levels.

You collected 564 gold pieces.

Inventory:

Hand Weapons
 l - a +0 short sword
 z - a +1 whip of electrocution
 C - the +8 rapier "Raodysoti" {heavy, Dex+3}
   (You found it on level 6 of the Dungeon)

   Dex:       It affects your dexterity (+3).
 S - the +2 dagger "Owausefi" {drain, *Slow Will+ Stlth+}
   (You found it on level 9 of the Dungeon)

   *Slow:     It may slow you when you take damage.
   Will:      It increases your willpower.
   Stlth:     It makes you more stealthy.
 V - a +2 whip of venom
 Y - a +3 morningstar of protection
Missiles
 g - 47 poisoned darts
 v - 2 throwing nets
 E - 2 atropa-tipped darts
 Z - a boomerang of dispersal
Armour
 h - a +2 cloak (worn)
 D - a +2 pair of gloves (worn)
 O - a +2 hat (worn)
 T - a +0 buckler
Magical Staves
 W - a staff of earth (weapon)
Jewellery
 y - a ring of protection from fire (left hand)
 B - an amulet of guardian spirit
 L - a +6 ring of strength (right hand)
 N - a +6 ring of strength
 U - the ring "Cont" {rElec rC+++ Str+3 Int-2 Dex+6}
   (You took it off an orc wizard on level 9 of the Dungeon)

   [ring of dexterity]

   Str:       It affects your strength (+3).
   Int:       It affects your intelligence (-2).
   Dex:       It affects your dexterity (+6).
   rC:        It renders you almost immune to cold.
   rElec:     It insulates you from electricity.
Wands
 j - a wand of roots (8)
 G - a wand of polymorph (13)
 H - a wand of flame (23)
 K - a wand of paralysis (15)
 P - a wand of quicksilver (6)
 X - a wand of mindburst (3)
Scrolls
 a - 3 scrolls of vulnerability
 d - 2 scrolls of noise
 e - a scroll of fear
 i - a scroll of brand weapon
 k - 2 scrolls of teleportation
 n - a scroll of silence
 o - a scroll of acquirement {unknown}
 p - a scroll of amnesia {unknown}
 r - 2 scrolls of immolation
 s - 4 scrolls of fog
 t - 2 scrolls of magic mapping {unknown}
 w - a scroll of poison {unknown}
 J - a scroll of torment {unknown}
 M - 2 scrolls of blinking {unknown}
Potions
 f - 5 potions of lignification
 m - 2 potions of flight
 u - 2 potions of attraction
 x - a potion of berserk rage
 A - 2 potions of mutation
 I - 2 potions of degeneration
 Q - a potion of resistance {unknown}
 R - 4 potions of curing {unknown}


   Skills:
 + Level 9.4 Fighting
 - Level 6.3 Short Blades
 + Level 3.0 Staves
 + Level 8.1 Dodging
 - Level 6.0 Stealth
 + Level 6.5 Spellcasting
 + Level 7.0 Conjurations
 - Level 3.0 Fire Magic
 * Level 12.9 Earth Magic
 + Level 2.8 Evocations


You had 10 spell levels left.
You knew the following spells:

 Your Spells              Type           Power      Damage    Failure   Level
a - Foxfire               Conj/Fire      100%       2x1d9     1%          1
b - Passwall              Tmut/Erth      43%        N/A       1%          2
c - Lehudib's Crystal Sp  Conj/Erth      33%        10d9      90%         8
z - Stone Arrow           Conj/Erth      100%       3d13      1%          3

Your spell library contained the following spells:

 Spells                   Type           Power      Damage    Failure   Level
 Airstrike                Air            3%         2d(1-17)  22%         4
 Scorch                   Fire           40%        2d7       1%          2
 Flame Wave               Conj/Fire      29%        2d9       3%          4
 Inner Flame              Hex/Fire       13%        N/A       4%          3
 Volatile Blastmotes      Fire/Tloc      26%        2d12      4%          3
 Summon Small Mammal      Summ           28%        N/A       9%          1
 Ensorcelled Hibernation  Hex/Ice        14%        N/A       13%         2
 Call Canine Familiar     Summ           7%         N/A       26%         3
 Ozocubu's Armour         Ice            7%         N/A       26%         3
 Summon Guardian Golem    Hex/Summ       7%         N/A       26%         3
 Swiftness                Air            7%         N/A       26%         3
 Animate Dead             Necr           7%         N/A       65%         4
 Summon Ice Beast         Ice/Summ       7%         N/A       65%         4
 Metabolic Englaciation   Hex/Ice        3%         N/A       94%         5
 Summon Mana Viper        Hex/Summ       7%         N/A       94%         5
 Simulacrum               Ice/Necr       3%         N/A       100%        6
 Haunt                    Necr/Summ      3%         N/A       100%        7
 Monstrous Menagerie      Summ           3%         N/A       100%        7
 Infestation              Necr           3%         N/A       100%        8
 Animate Armour           Summ/Erth      Unusable   N/A       N/A         4

Dungeon Overview and Level Annotations

Branches:
Dungeon (12/15)            Temple (1/1) D:6            Lair (0/5) D:11
    Orc: D:9-12

Altars:
Ashenzari
Cheibriados
Dithmenos
Elyvilon
Fedhas
Gozag
Hepliaklqana
Kikubaaqudgha
Makhleb
Nemelex Xobeh
Okawaru
Qazlal
Ru
Sif Muna
Trog
Uskayaw
Vehumet
Wu Jian
Xom
Yredelemnul
Zin
The Shining One

Shops:
D:9 (   D:10 [

Annotations:
D:11 1 runed translucent door, buriedalive's ghost, journeyman DEIE


Innate Abilities, Weirdness & Mutations

Your dull iron-grey scales are very hard. (AC +13)
You are amphibious.
You cannot fit into any form of body armour.
You are cold-blooded and may be slowed by cold attacks.


Message History

The tengu reaver is heavily wounded.
The tengu reaver misses you. The tengu reaver barely misses you.
The tengu reaver claws you but does no damage.
You miss the tengu reaver.
The tengu reaver is heavily wounded.
You carefully extract the barbed spikes from your body.
The tengu reaver barely misses you. The tengu reaver pecks you.
The tengu reaver claws you but does no damage.
You hit the tengu reaver.
The tengu reaver is heavily wounded.
The tengu reaver hits you with a +0 great mace!!
The tengu reaver pecks you but does no damage.
The tengu reaver claws you but does no damage.
Okay, then.
Okay, then.
You closely miss the tengu reaver.
The tengu reaver is heavily wounded.
The tengu reaver hits you with a +0 great mace.
The tengu reaver misses you. The tengu reaver completely misses you.
You closely miss the tengu reaver.
The tengu reaver is heavily wounded.
The tengu reaver hits you with a +0 great mace!!
* * * LOW HITPOINT WARNING * * *
The tengu reaver pecks you but does no damage.
The tengu reaver claws you but does no damage.
You miss the tengu reaver.
The tengu reaver is heavily wounded.
The tengu reaver hits you with a +0 great mace!
* * * LOW HITPOINT WARNING * * *
The tengu reaver pecks you but does no damage.
The tengu reaver claws you but does no damage.
You are confused.
You feel invigorated.
The tengu reaver hits you with a +0 great mace!
* * * LOW HITPOINT WARNING * * *
The tengu reaver closely misses you. The tengu reaver misses you.
You bump into the rock wall.
A +2 war axe of freezing comes into view.
The tengu reaver hits you with a +0 great mace!
You die...

#. ###. #...
#.#. #. ##
###############
#.))(Q.#......#
#....#@#.#....#
#... #.#.#....#
#.. #...#....#
.o. ######)#.#
o. #.#(.# o
#.#)## #..#.#
##.#.# #.#..#


You could see a tengu reaver and a +2 war axe of freezing.

Vanquished Creatures
  Gastronok (D:8)
  A two-headed ogre (D:12)
  A boulder beetle (D:10)
  A centaur warrior (D:12)
  Pikel (D:7)
  3 manticores
  2 ugly things (D:9)
  2 cyclopes
  Joseph (D:8)
  3 gargoyles
  4 molten gargoyles (D:10)
  Maggie (D:8)
  2 unseen horrors (D:10)
  4 trolls
  A hornet (D:9)
  Prince Ribbit (D:8)
  7 slime creatures
  4 vampires
  23 yaks
  2 wyverns (D:9)
  A wraith (D:12)
  A steam dragon (D:9)
  2 water moccasins
  2 acid dragons (D:8)
  3 ice beasts
  3 orc warriors
  2 black bears
  2 sky beasts (D:6)
  An ogre (D:4)
  5 centaurs
  A lemure (D:7)
  A phantom (D:5)
  3 kobold brigands
  5 bullfrogs
  2 gnoll sergeants
  2 scorpions
  4 wights (D:8)
  9 killer bees
  15 howler monkeys
  2 jellies (D:6)
  7 hounds
  5 orc priests
  3 gnoll boudas
  2 sleepcaps
  3 iguanas
  13 orc wizards
  A mummy (D:8)
  22 gnolls
  5 adders
  2 shadow imps
  3 white imps (D:7)
  An ufetubus (D:5)
  3 worms (D:2)
  A dart slug (D:1)
  34 orcs
  11 endoplasms
  8 giant cockroaches
  7 hobgoblins
  2 jackals (D:3)
  10 kobolds
  5 quokkas
  4 ball pythons
  4 bats
  2 frilled lizards
  4 goblins
  A goblin zombie (D:8)
  A hobgoblin zombie (D:8)
  2 rats
297 creatures vanquished.

Vanquished Creatures (others)
  An ugly thing (D:7)
  An orc warrior (D:7)
  A quokka (D:10)
  488 foxfires
491 creatures vanquished.

Grand Total: 788 creatures vanquished

Notes
Turn   | Place    | Note
-------+----------+-------------------------------------------
     0 | D:1      | cheesebisquit the Draconian Fire Elementalist began the
                  | quest for the Orb.
     0 | D:1      | Reached XP level 1. HP: 14/14 MP: 3/3
   245 | D:1      | Reached XP level 2. HP: 21/22 MP: 1/5
   406 | D:1      | Reached skill level 1 in Fighting
   752 | D:1      | Reached XP level 3. HP: 28/28 MP: 1/6
  2348 | D:3      | Reached XP level 4. HP: 29/36 MP: 1/8
  3060 | D:4      | Reached XP level 5. HP: 6/42 MP: 0/9
  3398 | D:4      | Reached XP level 6. HP: 51/51 MP: 4/11
  4393 | D:4      | Found an iron altar of Okawaru.
  4396 | D:4      | Found a hazy altar of Hepliaklqana.
  4427 | D:4      | Identified the +0 helmet "Kibb" {rF+}
  4434 | D:4      | Found a hide-covered altar of Uskayaw.
  4437 | D:4      | Found a sacrificial altar of Ru.
  4584 | D:5      | Entered Level 5 of the Dungeon
  4592 | D:4      | HP: 2/52 [gnoll/+0 halberd (10)]
  4770 | D:5      | Your scales start taking on a dull iron-grey colour.
  4770 | D:5      | Reached XP level 7. HP: 58/58 MP: 9/12
  4819 | D:5      | Learned a level 3 spell: Stone Arrow
  5471 | D:5      | Reached skill level 1 in Earth Magic
  5575 | D:5      | Reached skill level 2 in Earth Magic
  5781 | D:6      | Reached skill level 3 in Earth Magic
  5920 | D:6      | Reached XP level 8. HP: 33/67 MP: 6/13
  6075 | D:6      | Reached skill level 4 in Earth Magic
  6126 | D:6      | Identified the +8 rapier "Raodysoti" {heavy, Dex+3}
  6271 | D:6      | Reached skill level 5 in Fighting
  6437 | D:6      | Reached skill level 5 in Stealth
  6499 | D:6      | Found a staircase to the Ecumenical Temple.
  6506 | D:6      | Reached skill level 5 in Earth Magic
  6556 | Temple   | Entered the Ecumenical Temple
  6679 | Temple   | Became a worshipper of Vehumet
  6860 | D:7      | Learned a level 8 spell: Lehudib's Crystal Spear
  6878 | D:7      | Reached skill level 1 in Short Blades
  7206 | D:7      | Noticed Pikel
  7244 | D:7      | Killed Pikel
  7245 | D:7      | Reached skill level 5 in Dodging
  7245 | D:7      | Reached skill level 6 in Earth Magic
  7245 | D:7      | Reached XP level 9. HP: 39/75 MP: 4/14
  7496 | D:7      | Noticed a red ugly thing
  7512 | D:7      | Killed a red ugly thing
  7520 | D:7      | Reached skill level 7 in Earth Magic
  7714 | D:7      | Reached * piety under Vehumet
  7714 | D:7      | Offered knowledge of Kiss of Death by Vehumet.
  7791 | D:7      | Learned a level 2 spell: Passwall
  7835 | D:7      | Noticed a green death
  7836 | D:7      | Found a burning altar of Makhleb.
  7839 | D:7      | Found a glowing silver altar of Zin.
  7840 | D:7      | Noticed an angel
  8321 | D:8      | Found a shadowy altar of Dithmenos.
  8321 | D:8      | Noticed Prince Ribbit
  8325 | D:8      | Killed Prince Ribbit
  8363 | D:8      | Noticed Maggie
  8375 | D:8      | Killed Maggie
  8524 | D:8      | Reached skill level 8 in Earth Magic
  8674 | D:8      | Noticed Joseph
  8702 | D:8      | Killed Joseph
  8871 | D:8      | Reached XP level 10. HP: 84/84 MP: 5/15
  8888 | D:8      | Paralysed by a wight for 4 turns
  9325 | D:8      | Noticed Gastronok
  9451 | D:8      | Killed Gastronok
  9452 | D:8      | Reached skill level 9 in Earth Magic
 10514 | D:9      | Reached skill level 5 in Short Blades
 10524 | D:9      | Reached skill level 10 in Earth Magic
 10640 | D:9      | Found a runed translucent door.
 10906 | D:9      | Offered knowledge of Sandblast by Vehumet.
 10907 | D:9      | Reached skill level 5 in Conjurations
 10909 | D:9      | Identified the +2 dagger "Owausefi" {drain, *Slow Will+
                  | Stlth+}
 11033 | D:9      | Reached ** piety under Vehumet
 11034 | D:9      | Reached XP level 11. HP: 94/94 MP: 3/18
 11336 | D:9      | Found Voudaink's Weapon Emporium.
 11343 | D:9      | Found a runed translucent door.
 11760 | D:9      | Reached skill level 5 in Spellcasting
 11803 | D:9      | Identified the ring "Cont" {rElec rC+++ Str+3 Int-2 Dex+6}
 11966 | D:9      | Noticed a cyan ugly thing
 12006 | D:9      | Noticed a brown ugly thing
 12017 | D:9      | Killed a cyan ugly thing
 12030 | D:9      | Killed a cyan ugly thing
 12031 | D:9      | Reached skill level 11 in Earth Magic
 12280 | D:9      | Offered knowledge of Frozen Ramparts by Vehumet.
 12430 | D:10     | Entered Level 10 of the Dungeon
 12760 | D:10     | Found Pawki's Antique Armour Emporium.
 12773 | D:10     | Found a white marble altar of Elyvilon.
 13088 | D:9      | Reached *** piety under Vehumet
 13894 | D:10     | Offered knowledge of Airstrike by Vehumet.
 13895 | D:10     | Reached skill level 12 in Earth Magic
 13895 | D:10     | Reached XP level 12. HP: 19/103 MP: 11/20
 13899 | D:10     | Reached skill level 1 in Staves
 14328 | D:10     | Reached skill level 1 in Evocations
 14958 | D:11     | Found a runed translucent door.
 14958 | D:11     | Noticed buriedalive's ghost (journeyman DEIE)
 15064 | D:11     | Found a staircase to the Lair.
 15134 | D:11     | Noticed a boulder beetle
 15256 | D:10     | Killed a boulder beetle
 15396 | D:10     | Found a white marble altar of Elyvilon.
 15408 | D:10     | Found Pawki's Antique Armour Emporium.
 15869 | D:10     | Upgraded the game from 0.30.0-5-g1a98f26d00 to
                  | 0.30.0-10-gfe55d96785
 16795 | D:12     | Reached **** piety under Vehumet
 16983 | D:12     | Noticed a centaur warrior
 16990 | D:12     | Noticed a two-headed ogre
 16991 | D:12     | Killed a centaur warrior
 17003 | D:12     | Killed a two-headed ogre
 17202 | D:12     | Noticed a tengu reaver
 17213 | D:12     | Mangled by a tengu reaver

Illustrated notes

Levels and vault maps discovered:
D:1:      reono_arrival_mine, layout_basic, nrook_mini_backslash
D:2:      layout_basic, serial_bayou, serial_bayou_lake_a, serial_bayou_pond_d,
          serial_bayou_crossing, serial_bayou_ford_a, fountainhead,
          hex_intersection
D:3:      layout_loops_ring
D:4:      layout_loops_corners, nicolae_overflow_hidden_temple,
          grunt_decor_arrowhead, serial_bayou_pond_b
D:5:      layout_loops_ring, kennysheep_cross_bottleneck
D:6:      layout_basic, minmay_temple_entry_glassed_door
D:7:      layout_rooms, grunt_temple_overflow_order_and_chaos_2, st_stairs_3,
          grunt_potential, uniq_pikel
D:8:      layout_loops_ring, grunt_dithmenos_smoke, nicolae_ossuary_entry_giza,
          uniq_prince_ribbit1, uniq_gastronok, uniq_joseph, uniq_maggie
D:9:      cheibrodos_histonic, layout_loops_ring, serial_shops, shop
D:10:     layout_basic, elyvilon_altar_4, serial_shops,
          nicolae_shop_tiny_waterfront, minivault_8
D:11:     layout_basic, grunt_lair_entry_orc_guard_hut, gammafunk_ghost_grave
D:12:     minmay_textured_paths, layout_loops_ring, uniq_erolcha
Temple:   nicolae_temple_superstar

Skill      XL: |  1  2  3  4  5  6  7  8  9 10 11 12 |
---------------+-------------------------------------+-----
Stealth        | 2 3 4 5 6 |  6.0
Dodging        | 2 3 4 5 6 7 8 |  8.1
Fighting       | 1 2 3 4 5 6 7 8 9 |  9.4
Spellcasting   | 3 4 5 6 |  6.5
Earth Magic    | 3 6 8 10 12 | 12.9
Short Blades   | 2 3 5 6 |  6.3
Conjurations   | 2 3 5 6 7 |  7.0
Staves         | 3 |  3.0
Evocations     | 2 |  2.8
Fire Magic     | |  3.0

Action                     |  1- 3 |  4- 6 |  7- 9 | 10-12 || total
---------------------------+-------+-------+-------+-------++-------
  Melee: Unarmed           |    17 |       |       |       ||    17
         Tailslap          |     9 |    10 |    17 |    33 ||    69
         Short sword       |    27 |    53 |    43 |       ||   123
         Punch             |     1 |       |     3 |     4 ||     8
         Rapier            |       |       |    90 |   112 ||   202
         Staff             |       |       |       |    52 ||    52
   Cast: Foxfire           |    84 |    85 |   117 |       ||   286
         Stone Arrow       |       |       |    48 |   297 ||   345
    Use: Potion            |       |     1 |     7 |     8 ||    16
         Scroll            |       |       |    17 |     6 ||    23
   Stab: Invisible         |       |       |     1 |       ||     1
 Armour: Skin              |    16 |    31 |   117 |   129 ||   293
  Dodge: Dodged            |    32 |    53 |   165 |   181 ||   431
